 Dungeon Crawl Stone Soup version 0.30.1-4-g462c640d31 (webtiles) character file.

Game seed: 16284312289407240649

2113 Zeor the Conjurer (level 9, -4/42 (50) HPs)
             Began as a Deep Elf Reaver on Aug 24, 2023.
             Was a Believer of Wu Jian.
             Slain by a wyvern (6 damage)
             ... on level 8 of the Dungeon.
             The game lasted 00:35:13 (7647 turns).

Zeor the Conjurer (Deep Elf Reaver)                 Turns: 7647, Time: 00:35:14

HP:   -4/42 (50)    AC: 13    Str:  9    XL:     9   Next: 8%
MP:   17/20         EV: 13    Int: 21    God:    Wu Jian [**....]
Gold: 256           SH:  5    Dex: 15    Spells: 8/20 levels left

rFire   . . .        a - +2 rapier (protect)
rCold   . . .        v - +0 buckler
rNeg    . . .        b - +0 leather armour
rPois   .            (no helmet)
rElec   .            (no cloak)
rCorr   .            l - +1 pair of gloves
SInv    .            q - +0 pair of boots
Will    .....        (no amulet)
Stlth   ++           (no ring)
HPRegen 0.27/turn    (no ring)
MPRegen 0.17/turn

%: no passive effects
@: under a protective aura, very slightly contaminated, heavily drained
A: no striking features
a: Renounce Religion, Wall Jump


You were on level 8 of the Dungeon.
You worshipped Wu Jian.
Wu Jian was pleased with you.
You visited 2 branches of the dungeon, and saw 9 of its levels.

You collected 308 gold pieces.
You spent 52 gold pieces at shops.

Inventory:

Hand Weapons
 a - a +2 rapier of protection (weapon)
 c - a +0 dagger of pain
 s - a +1 short sword
 A - a +2 dagger of flaming
Missiles
 z - 13 throwing nets (quivered)
Armour
 b - a +0 leather armour (worn)
 l - a +1 pair of gloves (worn)
 q - a +0 pair of boots (worn)
 v - a +0 buckler (worn)
Jewellery
 i - an amulet of guardian spirit
 n - a ring of protection from fire
 p - a +6 ring of strength
Wands
 u - a wand of polymorph (9)
 y - a wand of mindburst (8)
Scrolls
 e - 2 scrolls of identify
 m - 2 scrolls of magic mapping
 o - 2 scrolls of teleportation
 r - a scroll of silence
Potions
 d - a potion of flight
 f - 3 potions of mutation
 g - 3 potions of brilliance
 h - a potion of might
 j - a potion of lignification
 k - 2 potions of attraction
 t - a potion of curing


   Skills:
 + Level 3.0 Fighting
 + Level 5.9 Short Blades
 + Level 2.7 Armour
 + Level 5.2 Dodging
 + Level 3.4 Stealth
 * Level 2.8 Shields
 + Level 6.2 Spellcasting
 + Level 6.3 Conjurations
 + Level 2.3 Translocations
 + Level 0.4 Ice Magic
 + Level 1.2 Air Magic
 + Level 1.2 Poison Magic


You had 8 spell levels left.
You knew the following spells:

 Your Spells              Type           Power      Damage    Failure   Level
c - Mephitic Cloud        Conj/Pois/Air  19%        N/A       17%         3
d - Magic Dart            Conj           100%       1d8       1%          1
h - Hailstorm             Conj/Ice       20%        3d6       14%         3
k - Kiss of Death         Conj/Necr      80%        2d11      5%          1
s - Momentum Strike       Conj/Tloc      48%        3d9       4%          2
z - Static Discharge      Conj/Air       44%        2-4/arc   6%          2

Your spell library contained the following spells:

 Spells                   Type           Power      Damage    Failure   Level
 Freeze                   Ice            32%        1d5       17%         1
 Call Imp                 Summ           12%        N/A       30%         2
 Portal Projectile        Hex/Tloc       22%        N/A       34%         3
 Frozen Ramparts          Ice            16%        1d3       45%         3
 Ozocubu's Armour         Ice            8%         N/A       45%         3
 Tukima's Dance           Hex            6%         N/A       52%         3
 Airstrike                Air            5%         2d(1-17)  75%         4
 Summon Lightning Spire   Summ/Air       9%         N/A       83%         4
 Animate Dead             Necr           6%         N/A       88%         4
 Animate Armour           Summ/Erth      12%        N/A       89%         4
 Blade Hands              Tmut           3%         N/A       99%         5
 Borgnjor's Vile Clutch   Necr/Erth      3%         N/A       99%         5
 Metabolic Englaciation   Hex/Ice        3%         N/A       99%         5
 Death Channel            Necr           3%         N/A       100%        6
 Iron Shot                Conj/Erth      9%         9d3       100%        6
 Simulacrum               Ice/Necr       3%         N/A       100%        6


Dungeon Overview and Level Annotations

Branches:
Dungeon (8/15)             Temple (1/1) D:4
   Lair: D:8-11

Altars:
Ashenzari
Cheibriados
Dithmenos
Elyvilon
Fedhas
Gozag
Hepliaklqana
Kikubaaqudgha
Makhleb
Nemelex Xobeh
Okawaru
Qazlal
Ru
Sif Muna
Trog
Uskayaw
Vehumet
Wu Jian
Xom
Yredelemnul
Zin
The Shining One

Shops:
D:5 (   D:6 *


Message History

The orc hits you from afar with a +0 trident.
The wyvern closely misses you.
You spin and attack the wyvern.
You hit the wyvern.
The wyvern is lightly wounded.
The wyvern bites you. The wyvern bites you.
You puncture the wyvern!
The wyvern is moderately wounded.
The wyvern bites you. The wyvern attacks as you move away!
The wyvern closely misses you.
The orc warrior unwields a +0 short sword.
The orc warrior wields a +0 arbalest.
The orc warrior shoots a bolt.
You block the bolt. The wyvern barely misses you.
You hear an angry hiss.
A wyvern comes into view.
The wyvern hisses angrily.
The orc hits you from afar with a +0 trident.
The orc warrior unwields a +0 arbalest.
The orc warrior wields a +0 short sword.
The orc warrior closely misses you.
There is a stone staircase leading down here.
The wyvern bites you.
The orc hits you from afar with a +0 trident.
You block the orc warrior's attack. The wyvern closely misses you.
You climb downwards.
There is a stone staircase leading up here.
You spin and attack the orc warrior.
You hit the orc warrior but do no damage.
The orc warrior misses you.
Casting: Kiss of Death (safe; 5% risk of failure)
Confirm with . or Enter, or press ? or * to list all spells.
Aiming: Momentum Strike (safe; 4% risk of failure)
Press: ? - help, Dir - move target, f - orc warrior
Aim: an orc warrior, wielding a +0 short sword and wearing a +0 chain mail (71% to hit)
You miscast Momentum Strike.
You are very lightly contaminated with residual magic.
Nothing appears to happen.
The wyvern bites you!
* * * LOW HITPOINT WARNING * * *
The orc warrior misses you. The wyvern bites you.
You die... ∙ ∙∙ ∙ ∙∙∙ ▒∙∙ ∙∙ ∙∙∙∙ ▒∙▒▒▒▒▒▒∙∙∙∙▒ ∙▒▒▒∙∙∙∙o∙∙∙∙∙∙∙ ∙∙∙∙∙∙∙el∙∙∙∙∙∙∙ ▒▒▒▒▒▒▒▒▒∙∙∙∙∙∙∙ ▒▒▒▒∙∙∙ ▒

You could see an orc warrior and a wyvern.

Vanquished Creatures
  2 ice beasts
  A black bear (D:6)
  2 ogres (D:4)
  A bullfrog (D:7)
  5 gnoll sergeants
  3 scorpions
  A gnoll bouda (D:6)
  9 hounds
  A jelly (D:5)
  A sleepcap (D:6)
  2 iguanas
  3 orc wizards
  13 adders
  32 gnolls
  4 river rats (D:5)
  A white imp (D:6)
  An ufetubus (D:7)
  3 worms
  4 dart slugs
  10 orcs
  7 bats
  8 endoplasms
  3 giant cockroaches
  8 goblins
  9 hobgoblins
  15 jackals
  8 kobolds
  4 quokkas
  5 ball pythons
  7 frilled lizards
  3 rats
176 creatures vanquished.

Notes
Turn   | Place    | Note
-------+----------+-------------------------------------------
     0 | D:1      | Zeor the Deep Elf Reaver began the quest for the Orb.
     0 | D:1      | Reached XP level 1. HP: 12/12 MP: 6/6
    18 | D:1      | Found a faded altar of an unknown god.
    87 | D:1      | Reached XP level 2. HP: 12/16 MP: 8/8
  1225 | D:2      | Reached XP level 3. HP: 18/19 MP: 9/9
  1237 | D:2      | Learned a level 2 spell: Momentum Strike
  1241 | D:2      | Learned a level 3 spell: Hailstorm
  1262 | D:2      | Reached skill level 1 in Stealth
  1666 | D:2      | Reached XP level 4. HP: 26/26 MP: 6/11
  2225 | D:3      | Found a sparkling altar of Nemelex Xobeh.
  2587 | D:3      | Learned a level 3 spell: Mephitic Cloud
  2791 | D:3      | Reached skill level 1 in Armour
  2978 | D:4      | Reached XP level 5. HP: 20/30 MP: 3/12
  3160 | D:4      | Learned a level 1 spell: Magic Dart
  3196 | D:4      | Noticed an ogre
  3222 | D:4      | Killed an ogre
  3331 | D:4      | Found a staircase to the Ecumenical Temple.
  3349 | D:4      | Reached XP level 6. HP: 35/35 MP: 10/13
  3370 | Temple   | Entered the Ecumenical Temple
  3577 | Temple   | Became a worshipper of the Wu Jian Council
  3814 | D:4      | Reached skill level 1 in Translocations
  4065 | D:5      | Entered Level 5 of the Dungeon
  4067 | D:5      | Found Itui's Firing Range.
  4076 | D:5      | Noticed an ice beast
  4079 | D:5      | Reached skill level 5 in Conjurations
  4104 | D:4      | Reached XP level 7. HP: 31/40 MP: 9/15
  4575 | D:5      | Found a sacrificial altar of Ru.
  4577 | D:5      | Found a shimmering blue altar of Sif Muna.
  4670 | D:5      | Reached * piety under Wu Jian
  4879 | D:5      | Found a glowing silver altar of Zin.
  4881 | D:5      | You fall into a shaft and drop 1 floor!
  4892 | D:6      | Reached skill level 5 in Spellcasting
  4930 | D:6      | Reached XP level 8. HP: 13/44 MP: 8/17
  5130 | D:6      | Learned a level 2 spell: Static Discharge
  5155 | D:6      | Reached skill level 5 in Short Blades
  5158 | D:6      | Reached skill level 1 in Shields
  5304 | D:5      | Found a hide-covered altar of Uskayaw.
  5304 | D:5      | Found an iron altar of Okawaru.
  5377 | D:6      | Reached skill level 1 in Air Magic
  5391 | D:6      | Reached skill level 5 in Dodging
  5501 | D:6      | Identified the +0 scale mail "Luh Kitu" {Int+5}
  5509 | D:6      | Reached skill level 1 in Poison Magic
  5714 | D:5      | Reached ** piety under Wu Jian
  6801 | D:6      | Found Taran's General Store.
  6805 | D:6      | Bought a scroll of identify for 26 gold pieces
  6805 | D:6      | Bought a scroll of identify for 26 gold pieces
  7394 | D:6      | Reached XP level 9. HP: 33/49 MP: 16/20
  7647 | D:8      | HP: 2/42 [wyvern (12)]
  7647 | D:8      | Slain by a wyvern

Illustrated notes

Levels and vault maps discovered:
D:1:      elethiomel_arrival_quiet, layout_loops_ring,
          shapermc_ecumenical_altar_venn, corexii_corridor_pit, minmay_3d_cube
D:2:      layout_basic, kennysheep_generic_room_7
D:3:      layout_loops_ring, mainiacjoe_overflow_catwalk
D:4:      layout_rooms, minmay_temple_entry_grid
D:5:      wad_woods_stonehenge, layout_basic, nicolae_overflow_hidden_temple,
          serial_co_window_serial, co_window_paths_b, co_window_corner_a,
          co_window_corner_a, co_window_corner_a, co_window_paths_a,
          co_window_corner_ca, co_window_of_opportunity_c, co_window_paths_d,
          glass_columns_a, glass_columns_a, glass_columns_a, glass_columns_c,
          hellmonk_bongcloud_opening, nicolae_shop_firing_range
D:6:      layout_cave_pools, serial_gnoll_camp, gnoll_camp_mini_basic,
          gnoll_camp_mini_shop, gnoll_camp_mini_doghouse, gnoll_camp_huts_moat,
          gnoll_camp_mini_sergeant
D:7:      minmay_the_grid_octo_triangle [minmay_the_grid_octo_empty,
          minmay_the_grid_octo_prize_square_snowflake,
          minmay_the_grid_octo_checkerflower], layout_rooms, minmay_three_doors
D:8:      layout_basic
Temple:   minmay_crystal_spiral_temple

Skill      XL: |  1  2  3  4  5  6  7  8  9 |
---------------+----------------------------+-----
Stealth        | 1 2 3 |  3.4
Dodging        | 3 4 5 |  5.2
Fighting       | 2 3 |  3.0
Armour         | 1 2 |  2.7
Conjurations   | 4 5 6 |  6.3
Short Blades   | 4 5 |  5.9
Spellcasting   | 4 5 6 |  6.2
Translocations | 1 2 |  2.3
Shields        | 2 |  2.8
Air Magic      | 1 |  1.2
Poison Magic   | 1 |  1.2
Ice Magic      | |  0.4

Action                     |  1- 3 |  4- 6 |  7- 9 || total
---------------------------+-------+-------+-------++-------
  Melee: Short sword       |   150 |   128 |       ||   278
         Punch             |     1 |     2 |     3 ||     6
         Dagger            |       |    74 |   223 ||   297
         Rapier            |       |       |    21 ||    21
   Cast: Kiss of Death     |     1 |     1 |     4 ||     6
         Momentum Strike   |     9 |    32 |    21 ||    62
         Hailstorm         |       |     1 |     6 ||     7
         Magic Dart        |       |    13 |    74 ||    87
         Mephitic Cloud    |       |     4 |    15 ||    19
         Static Discharge  |       |       |     1 ||     1
Ability: Lunge             |       |     5 |    22 ||    27
         Whirlwind         |       |       |    17 ||    17
         Wall Jump         |       |       |     3 ||     3
    Use: Scroll            |     6 |     6 |     9 ||    21
         Potion            |       |     3 |     3 ||     6
   Stab: Sleeping          |     1 |     1 |       ||     2
         Confused          |       |     1 |     6 ||     7
         Distracted        |       |       |     2 ||     2
 Armour: Leather armour    |    21 |    48 |    32 ||   101
  Dodge: Dodged            |   102 |    96 |   109 ||   307
  Block: Buckler           |       |       |    17 ||    17
